Map: 零纪元-天梯版

Players

MaNa - Winner!

  • Race: Protoss Protoss
  • League: Master

SouLeer

  • Race: Zerg Zerg
  • League: Master

Event: WESG 2018 Grand Finals

VOD

Have the link to the VOD?

Description

Time

  • Played on: March 11, 2019, 6:37 a.m.
  • Length: 5:15

All games in this series

Show
View Real Time Build Order
Export as new Build Order

MaNa Protoss - Winner!

Build Orders: 1 Gate Expand, Dark Templar Rush 

Get SALT Encoding   

  12  0:00  Probe  
  13  0:13  Probe  
  14  0:20  Pylon  
  14  0:25  Probe  
  15  0:34  Probe  
  15  0:38  Assimilator  
  15  0:42  Probe  
  16  0:49  Gateway  
  17  0:52  Probe  
  18  1:00  Probe  
  19  1:08  Probe  
  20  1:42  Nexus  
  20  1:54  Cybernetics Core  
  20  1:57  Probe  
  21  2:03  Assimilator  
  21  2:09  Probe  
  21  2:14  Pylon  
  22  2:21  Probe  
  22  2:22  Adept  
  23  2:34  Probe  
  23  2:36  Warp Gate  
  26  2:43  Stalker  
  26  2:46  Twilight Council, Probe  
  27  2:56  Probe  
  30  2:59  Probe  
  31  3:08  Probe  
  32  3:15  Robotics Facility  
  32  3:16  Probe  
  32  3:17  Probe  
  32  3:24  Probe  
  33  3:29  Probe  
  35  3:34  Probe  
  35  3:36  Dark Shrine  
  36  3:44  Gateway  
  38  3:54  Warp Prism, Gateway  
  38  3:55  Gateway  
  36  3:59  Probe  
  37  4:08  Assimilator  
  39  4:10  Probe  
  39  4:12  Probe  
  39  4:15  Assimilator  
  41  4:20  Pylon  
  41  4:22  Probe  
  42  4:24  Probe  
  42  4:28  Adept  
  45  4:32  Pylon  
  45  4:37  Probe  
  45  4:38  Probe  
  47  4:58  Dark Templar x4  
  55  5:03  Pylon  
Show
View Real Time Build Order
Export as new Build Order

SouLeer Zerg 

Build Orders: 3 Hatch before Pool 

Get SALT Encoding   

  12  0:00  Drone  
  13  0:13  Overlord  
  13  0:18  Drone  
  14  0:32  Drone x2  
  16  0:37  Drone  
  17  0:57  Hatchery  
  16  1:18  Hatchery  
  15  1:21  Drone  
  15  1:23  Drone  
  17  1:30  Drone  
  19  1:45  Drone  
  20  1:48  Extractor  
  20  1:49  Spawning Pool  
  20  1:50  Drone  
  19  1:55  Drone  
  20  2:05  Overlord  
  20  2:16  Drone  
  21  2:35  Queen x2  
  21  2:36  Zergling x4  
  27  2:37  Zergling x2  
  27  2:43  Drone  
  29  2:44  Hatchery  
  29  2:50  Metabolic Boost  
  28  2:55  Drone  
  28  2:57  Drone  
  30  3:01  Overlord  
  30  3:05  Drone  
  31  3:10  Drone  
  32  3:15  Queen  
  34  3:20  Overlord  
  34  3:22  Drone  
  34  3:26  Drone  
  36  3:32  Drone  
  37  3:36  Drone  
  38  3:42  Drone  
  38  3:45  Drone x2  
  41  3:48  Overlord  
  41  3:50  Drone  
  41  3:52  Spore Crawler  
  41  3:56  Drone x2  
  41  4:00  Queen  
  41  4:02  Drone  
  46  4:09  Drone x3  
  49  4:10  Spore Crawler  
  48  4:18  Drone x5  
  48  4:20  Spore Crawler  
  48  4:22  Extractor  
  51  4:24  Queen  
  51  4:28  Overlord  
  53  4:40  Roach Warren  
  53  4:42  Drone x2  
  53  4:44  Drone  
  53  4:45  Drone  
  56  4:46  Drone  
  56  4:50  Extractor  
  55  4:53  Overlord  
  55  4:54  Zergling x4  
  55  4:55  Zergling x2  
  55  4:57  Zergling x2  
Tags
 
Add a new tag
Caveats
  • Supply blocks, unpowered buildings, or Contaminate may cause inaccurate times.
  • Supply counts are checked every 10 seconds.